[Event "30th NATO Chess-ch 2019"]
[Site "Berlin"]
[Date "2019.09.19"]
[Round "6.7"]
[White "Andersen, Hans-Christoph"]
[Black "Kedzierski, Slawomir"]
[Result "1-0"]
[ECO "E09"]
[WhiteElo "2201"]
[BlackElo "2163"]
[Annotator "NA"]
[PlyCount "104"]
[EventDate "2019.09.16"]
[EventType "swiss"]
[EventCountry "GER"]
[SourceTitle "playchess.com"]
[Source "ChessBase"]
[SourceQuality "1"]
[TimeControl "40/7200:1800"]

1. d4 Nf6 2. c4 e6 3. g3 d5 4. Nf3 Be7 5. Bg2 O-O 6. O-O c6 7. Qc2 b6 8. Nbd2 Nbd7 9. e4 dxe4 10. Nxe4 Bb7 11. Rd1 Nxe4 12. Qxe4 Qc7 13. Bf4 Bd6 14. Bxd6 Qxd6 15. c5 Qc7 16. Rac1 Rfd8 17. Qe2 Nf6 18. Ne5 Nd5 19. h4 b5 20. Be4 a5 21. Bb1 Ba6 22. Qc2 g6 23. h5 f6 24. Nf3 g5 25. Re1 Re8 26. Re4 Qg7 27. Rce1 Bc8 28. Kg2 a4 29. a3 b4 30. axb4 Nxb4 31. Qd2 Nd5 32. Ba2 Bd7 33. Bc4 Qf7 34. Rh1 Reb8 35. Ree1 a3 36. bxa3 Rxa3 37. h6 Qf8 38. Bxd5 cxd5 39. Qc2 Qc8 40. Rb1 Rba8 41. Rb6 Be8 42. Qe2 Bf7 43. Rhb1 Bh5 44. R1b3 Bg6 45. Nd2 Bf7 46. Qf3 Qd8 {[%emt 0:02:35] Rb6 0:03:01 Ra2 0:02:22 Qb3 0:02:22 Ra8 0:02:21} 47. Rb7 Rc8 {[%emt 0:02:11] Qb1 0:02:16 Qe8 0:01:58} 48. Nf1 {[%emt 0:02:07] Qc6 0:01:52 Ne3 0:01:57} Bg6 49. Rg7+ Kh8 50. Rxg6 hxg6 {[%emt 0:01:32] Qxg6 0:01:29 Qd7 0:01:29} 51. Qxf6+ Kg8 52. Qxg5 Kh8 {[%emt 0:01:25] Ng4 0:01:29 Qf7 0:01:15 Ne5 0:01:23 Qc7 0:01:01 Ng6+ 0:01:01 Kh7 Ne7} 1-0

[Event "30th NATO Chess-ch 2019"]
[Site "Berlin"]
[Date "2019.09.19"]
[Round "6.9"]
[White "Lakos, Nikoletta"]
[Black "Kersic, Matej"]
[Result "1/2-1/2"]
[ECO "B50"]
[WhiteElo "2226"]
[BlackElo "2122"]
[Annotator "NA"]
[PlyCount "73"]
[EventDate "2019.09.16"]
[EventType "swiss"]
[EventCountry "GER"]
[SourceTitle "playchess.com"]
[Source "ChessBase"]
[SourceQuality "1"]
[TimeControl "40/7200:1800"]

1. e4 c5 2. b3 d6 3. Bb2 Nc6 4. Bb5 Bd7 5. Nf3 e6 6. O-O Nf6 7. Re1 Be7 8. c4 O-O 9. Nc3 e5 10. Nd5 a6 11. Bxc6 bxc6 12. Nxe7+ Qxe7 13. d3 Bg4 14. h3 Bxf3 15. Qxf3 Ne8 16. Qe3 Nc7 17. f4 exf4 18. Qxf4 Ne6 19. Qg3 f6 20. Qf2 Rfe8 21. Bc3 Rab8 22. Rab1 Rb7 23. Rb2 Ng5 24. a3 Reb8 25. b4 Nf7 26. Reb1 Ne5 27. Qe2 Qe6 28. bxc5 Rxb2 29. Rxb2 Rxb2 30. Qxb2 dxc5 31. Bxe5 Qxe5 32. Qxe5 fxe5 33. Kf2 Kf7 34. Kf3 g5 35. g4 a5 36. a4 h6 37. Kg3 1/2-1/2

[Event "30th NATO Chess-ch 2019"]
[Site "Berlin"]
[Date "2019.09.19"]
[Round "6.10"]
[White "Tocco, Paolo"]
[Black "Pietruszewski, Marcin"]
[Result "1-0"]
[ECO "A03"]
[WhiteElo "2089"]
[BlackElo "2215"]
[Annotator "NA"]
[PlyCount "110"]
[EventDate "2019.09.16"]
[EventType "swiss"]
[EventCountry "GER"]
[SourceTitle "playchess.com"]
[Source "ChessBase"]
[SourceQuality "1"]
[TimeControl "40/7200:1800"]

1. f4 c5 2. Nf3 d5 3. g3 g6 4. Bg2 Bg7 5. O-O Nc6 6. d3 Nf6 7. c3 O-O 8. Na3 Rb8 9. Ne5 Qb6 10. Nxc6 Qxc6 11. Nc4 Qa6 12. Ne5 Rd8 13. Qc2 Be6 14. e4 dxe4 15. dxe4 Ng4 16. Nxg4 Bxg4 17. Be3 Be2 18. Rfe1 Bd3 19. Qf2 b6 20. g4 Rd7 21. e5 Qc4 22. Bc6 Rc7 23. Bf3 Rd8 24. a3 a5 25. Rad1 Rcd7 26. Bc6 Rc7 27. Bf3 f6 28. exf6 exf6 29. Rd2 Rcd7 30. Red1 Qe6 31. h3 f5 32. g5 a4 33. Kg2 Kf7 34. Kg3 Rd6 35. Be2 Qe4 36. Qf3 Qxf3+ 37. Kxf3 Bxe2+ 38. Kxe2 Ke6 39. Rxd6+ Rxd6 40. Rxd6+ Kxd6 41. Kd3 b5 42. Bd2 Kd5 43. Bc1 Bf8 44. Bd2 Bd6 45. Bc1 Bc7 46. Bd2 Bb6 47. Be3 Ba7 48. c4+ bxc4+ 49. Kc3 Bb6 50. Bf2 Bc7 51. Be3 Bd6 52. Bd2 Bf8 53. Be3 Bg7+ 54. Kc2 Bd4 55. Bc1 Z0 {gxc6} 1-0

[Event "30th NATO Chess-ch 2019"]
[Site "Berlin"]
[Date "2019.09.19"]
[Round "6.11"]
[White "Sycz, Dariusz"]
[Black "Keough, Robert"]
[Result "1-0"]
[ECO "E60"]
[WhiteElo "2215"]
[BlackElo "2108"]
[Annotator "NA"]
[PlyCount "123"]
[EventDate "2019.09.16"]
[EventType "swiss"]
[EventCountry "GER"]
[SourceTitle "playchess.com"]
[Source "ChessBase"]
[SourceQuality "1"]
[TimeControl "40/7200:1800"]

1. d4 Nf6 2. Nf3 g6 3. g3 Bg7 4. Bg2 O-O 5. O-O d6 6. c4 c5 7. d5 Bg4 8. Nc3 Bxf3 9. Bxf3 Nbd7 10. Bg2 Ne5 11. b3 Ne8 12. Bb2 Nd7 13. Qc2 Nc7 14. Rae1 Rb8 15. Nd1 b5 16. Bxg7 Kxg7 17. Nb2 Nb6 18. e4 bxc4 19. bxc4 e5 20. dxe6 Nxe6 21. e5 Nd4 22. Qc1 dxe5 23. Rxe5 Nd7 24. Re3 Qa5 25. a3 Nb3 26. Qc2 Nd4 27. Qa4 Qd2 28. Nd3 Nb6 29. Qxa7 Ne2+ 30. Kh1 Nxc4 31. Rf3 Nd4 32. Nxc5 Qe2 33. Rxf7+ Rxf7 34. Qxb8 Nd2 35. Qb2 Nxf1 36. Qxd4+ Kh6 37. Qh4+ Kg7 38. Qd4+ Kh6 39. Kg1 Nd2 40. Qh4+ Kg7 41. Ne6+ Qxe6 42. Qd4+ Qf6 43. Qxd2 Qa1+ 44. Bf1 Qxa3 45. Bc4 Qa1+ 46. Kg2 Re7 47. Qd8 Qf6 48. Qg8+ Kh6 49. Bd5 Re2 50. Bf3 Rb2 51. h4 Qg7 52. Qd8 Qf7 53. Qd4 Rb5 54. g4 g5 55. h5 Qe6 56. Qd8 Kg7 57. Qc7+ Kh8 58. h6 Qxh6 59. Qd8+ Kg7 60. Qd7+ Kf8 61. Qxb5 Qf6 62. Qb8+ 1-0

[Event "30th NATO Chess-ch 2019"]
[Site "Berlin"]
[Date "2019.09.19"]
[Round "6.12"]
[White "Mouroutis, Konstantinos"]
[Black "Cichy, Kamil"]
[Result "0-1"]
[ECO "D00"]
[WhiteElo "2181"]
[BlackElo "2106"]
[Annotator "NA"]
[PlyCount "84"]
[EventDate "2019.09.16"]
[EventType "swiss"]
[EventCountry "GER"]
[SourceTitle "playchess.com"]
[Source "ChessBase"]
[SourceQuality "1"]
[TimeControl "40/7200:1800"]

1. d4 d5 2. Bg5 h6 3. Bh4 c5 4. dxc5 Qa5+ 5. Nc3 e6 6. e4 g5 7. Qd4 Rh7 8. b4 Nc6 9. Bb5 Qxb5 10. Nxb5 Nxd4 11. Nc7+ Kd8 12. Nxa8 Nxc2+ 13. Kd2 Nxa1 14. Bg3 dxe4 15. Bc7+ Kd7 16. Ne2 Bg7 17. Nc3 Ne7 18. Nxe4 Nd5 19. Bd6 f5 20. Ng3 b5 21. Nh5 Bh8 22. f4 Bb7 23. Be5 Bxa8 24. Rxa1 gxf4 25. Bxh8 Rxh8 26. a4 a6 27. axb5 axb5 28. Ra7+ Nc7 29. Nxf4 e5 30. Ng6 Re8 31. g3 Bd5 32. Ke3 Kc6 33. Kf2 Bf7 34. Nh4 Be6 35. Ng6 Bc4 36. Nh4 Bd3 37. Nf3 Be4 38. Nd2 Bd5 39. g4 fxg4 40. Kg3 h5 41. Kh4 e4 42. Ra1 e3 0-1

[Event "30th NATO Chess-ch 2019"]
[Site "Berlin"]
[Date "2019.09.19"]
[Round "6.13"]
[White "Pedersen, Finn"]
[Black "Onley, David E"]
[Result "1-0"]
[ECO "A15"]
[WhiteElo "2305"]
[BlackElo "2103"]
[Annotator "NA"]
[PlyCount "133"]
[EventDate "2019.09.16"]
[EventType "swiss"]
[EventCountry "GER"]
[SourceTitle "playchess.com"]
[Source "ChessBase"]
[SourceQuality "1"]
[TimeControl "40/7200:1800"]

1. Nf3 Nf6 2. c4 g6 3. b3 Bg7 4. Bb2 O-O 5. g3 a5 6. Bg2 d6 7. O-O e5 8. Nc3 h6 9. d3 Nbd7 10. a3 Re8 11. e4 Nc5 12. b4 axb4 13. axb4 Rxa1 14. Bxa1 Na6 15. Qb1 Nh7 16. h3 Ng5 17. Kh2 c6 18. Ng1 Ne6 19. Nce2 Qb6 20. Bc3 Rf8 21. Nf3 Bd7 22. Qb2 c5 23. b5 Nb4 24. Bxb4 cxb4 25. Qxb4 Nc5 26. Qb1 Be6 27. Nh4 Ra8 28. f4 exf4 29. gxf4 Ra3 30. d4 Bxc4 31. dxc5 Qd8 32. Qb4 Bxe2 33. Qxa3 Bxf1 34. Nf3 Bxg2 35. Kxg2 dxc5 36. Qxc5 Bf8 37. Qd4 Qc8 38. Qd5 Bc5 39. Ne5 Qc7 40. Nxf7 Qxf7 41. Qxc5 Qa2+ 42. Kg3 Qb3+ 43. Kh4 Qf3 44. Qc8+ Kf7 45. Qxb7+ Kf8 46. Qc8+ Kf7 47. Qd7+ Kf8 48. Qd2 Qxe4 49. b6 Kf7 50. Kg3 Kf8 51. Qd8+ Kf7 52. Qc7+ Kg8 53. Kf2 Qd4+ 54. Ke2 Qe4+ 55. Kd2 Qd4+ 56. Kc2 Qa4+ 57. Kd3 Qb3+ 58. Kd4 Qb2+ 59. Kd5 Qg2+ 60. Kd6 Qd2+ 61. Ke7 Qe3+ 62. Kd8 Qd3+ 63. Qd7 Qa6 64. Qd5+ Kg7 65. Kc7 h5 66. b7 Qa7 67. Qb5 1-0

[Event "30th NATO Chess-ch 2019"]
[Site "Berlin"]
[Date "2019.09.19"]
[Round "6.14"]
[White "Kende, Gyorgy"]
[Black "Valeinis, Janis"]
[Result "1/2-1/2"]
[ECO "B30"]
[WhiteElo "2036"]
[BlackElo "2206"]
[Annotator "ChessBase"]
[PlyCount "54"]
[EventDate "2019.09.16"]
[EventType "swiss"]
[EventCountry "GER"]
[SourceTitle "playchess.com"]
[Source "ChessBase"]
[SourceQuality "1"]
[TimeControl "40/7200:1800"]

1. e4 c5 2. Nf3 Nc6 3. Nc3 g6 4. Bc4 Bg7 5. O-O d6 6. d3 Nf6 7. h3 O-O 8. a3 a6 9. Be3 b5 10. Ba2 e5 11. Nd5 Nxd5 12. Bxd5 Bd7 13. c3 Rc8 14. b4 Qe7 15. Qb3 Kh8 16. Ng5 Nd8 17. c4 f5 18. exf5 gxf5 19. Bd2 Bf6 20. f4 Qg7 21. Rae1 exf4 22. Nf3 {[%emt 0:54:34] Bd2} Z0 {dxc6 Bd7} 23. cxb5 Bc6 24. Z0 Bd7 25. Z0 Nf7 26. Rb1 {b1=N Bc1 Nd2+} Z0 {c2+ ---} 27. Qc4 Z0 {Rh8+} 1/2-1/2

[Event "30th NATO Chess-ch 2019"]
[Site "Berlin"]
[Date "2019.09.19"]
[Round "6.15"]
[White "Fichtner, Ewald"]
[Black "Werksma, Arie"]
[Result "0-1"]
[ECO "D02"]
[WhiteElo "2046"]
[BlackElo "2197"]
[Annotator "NA"]
[PlyCount "88"]
[EventDate "2019.09.16"]
[EventType "swiss"]
[EventCountry "GER"]
[SourceTitle "playchess.com"]
[Source "ChessBase"]
[SourceQuality "1"]
[TimeControl "40/7200:1800"]

1. d4 Nf6 2. Bf4 e6 3. e3 b6 4. Nf3 Bb7 5. Nbd2 Be7 6. Bd3 d5 7. Ne5 a6 8. Qf3 Nbd7 9. c3 Nxe5 10. dxe5 Nd7 11. h4 Nc5 12. Bc2 d4 13. Qg4 dxc3 14. bxc3 Nd3+ 15. Ke2 Nxf4+ 16. exf4 Qd7 17. Rad1 O-O-O 18. c4 Qd4 19. Rh3 Bc5 20. Qg3 g6 21. Kf1 Rd7 22. Kg1 Rhd8 23. Nf1 Qxc4 24. Rxd7 Rxd7 25. Bb3 Qe2 26. Ne3 Rd2 27. h5 Qe1+ 28. Kh2 Bxe3 29. Qxe3 Qxe3 30. Rxe3 Rxf2 31. Kg3 Rxg2+ 32. Kh4 Rh2+ 33. Kg5 Rxh5+ 34. Kf6 Rf5+ 35. Ke7 Rxf4 36. Rd3 Bd5 37. Bxd5 exd5 38. Rxd5 Rf5 39. a4 h5 40. a5 bxa5 41. Rxa5 Kb7 42. Kd7 Kb6 43. Rd5 h4 44. Kc8 h3 0-1

[Event "30th NATO Chess-ch 2019"]
[Site "Berlin"]
[Date "2019.09.19"]
[Round "6.16"]
[White "Pavlidis, Antonios"]
[Black "Balmaceda, Enrico"]
[Result "1-0"]
[ECO "A85"]
[WhiteElo "2550"]
[BlackElo "2006"]
[Annotator "ChessBase"]
[PlyCount "53"]
[EventDate "2019.09.16"]
[EventType "swiss"]
[EventCountry "GER"]
[SourceTitle "playchess.com"]
[Source "ChessBase"]
[SourceQuality "1"]
[TimeControl "40/7200:1800"]

1. d4 f5 2. c4 Nf6 3. Nc3 g6 4. h4 d6 5. h5 Nxh5 6. Rxh5 gxh5 7. e4 c6 8. Qxh5+ Kd7 9. Qxf5+ e6 10. Qf3 Bg7 11. e5 Qf8 12. Bf4 dxe5 13. dxe5 Kc7 14. O-O-O Bd7 15. Qe3 Na6 16. Ne4 h5 17. Nf3 Bh6 18. Bxh6 Qxh6 19. Nfg5 b6 20. f4 Rhf8 21. Qa3 Nb8 22. Qd6+ Kb7 23. g3 h4 24. Qe7 hxg3 25. Rxd7+ Nxd7 26. Qxd7+ Ka6 27. Nc5+ 1-0

[Event "30th NATO Chess-ch 2019"]
[Site "Berlin"]
[Date "2019.09.19"]
[Round "6.17"]
[White "Parker, Glen D"]
[Black "Stentebjerg-Hansen, Per"]
[Result "0-1"]
[ECO "B01"]
[WhiteElo "2014"]
[BlackElo "2178"]
[Annotator "NA"]
[PlyCount "52"]
[EventDate "2019.09.16"]
[EventType "swiss"]
[EventCountry "GER"]
[SourceTitle "playchess.com"]
[Source "ChessBase"]
[SourceQuality "1"]
[TimeControl "40/7200:1800"]

1. e4 d5 2. exd5 Nf6 3. d4 Bg4 4. f3 Bf5 5. Bb5+ Nbd7 6. c4 e6 7. dxe6 Bxe6 8. d5 Bf5 9. g4 Bg6 10. Nc3 Bc5 11. h4 h6 12. h5 Bh7 13. g5 O-O 14. Nge2 Ne5 15. gxf6 Nxf3+ 16. Kf1 Qxf6 17. Nf4 Ne5 18. Rh3 g5 19. b4 Bxb4 20. Qd4 b6 21. Ne4 Qf5 22. Ng3 Qg4 23. Kg2 Qf3+ 24. Kg1 Bc5 25. Qxc5 bxc5 26. Bb2 Qxf4 0-1

[Event "30th NATO Chess-ch 2019"]
[Site "Berlin"]
[Date "2019.09.19"]
[Round "6.18"]
[White "Randall, Gordon"]
[Black "Mestek, Igor"]
[Result "0-1"]
[ECO "A53"]
[WhiteElo "1975"]
[BlackElo "2087"]
[Annotator "NA"]
[PlyCount "139"]
[EventDate "2019.09.16"]
[EventType "swiss"]
[EventCountry "GER"]
[SourceTitle "playchess.com"]
[Source "ChessBase"]
[SourceQuality "1"]
[TimeControl "40/7200:1800"]

1. d4 d6 2. e4 Nf6 3. f3 c6 4. c4 e5 5. Be3 Be7 6. Nc3 Nbd7 7. Nge2 O-O 8. Qd2 d5 9. Ng3 dxe4 10. dxe5 Nxe5 11. Ngxe4 Bf5 12. Bd4 Nxe4 13. Nxe4 Bxe4 14. Bxe5 Qxd2+ 15. Kxd2 Bb4+ 16. Ke3 Bg6 17. a3 Bc5+ 18. Kf4 f6 19. Bc3 Rfe8 20. Rd1 Rad8 21. Rxd8 Rxd8 22. Be2 Re8 23. Bd1 Bd6+ 24. Kg4 h5+ 25. Kh3 Bf5+ 26. g4 hxg4+ 27. Kg2 gxf3+ 28. Bxf3 Be4 29. Rd1 Bxf3+ 30. Kxf3 Re6 31. b4 Kf7 32. h3 c5 33. Rd5 b6 34. Rh5 Re8 35. Rd5 Ke6 36. Kg4 cxb4 37. Bxb4 Be5 38. Rb5 Rd8 39. c5 Rd4+ 40. Kf3 Bc7 41. cxb6 axb6 42. Rh5 g5 43. Ke3 Kd5 44. Rh7 Bf4+ 45. Kf3 Rd3+ 46. Kg4 Ke4 47. Re7+ Be5 48. h4 Rg3+ 49. Kh5 Rh3 50. Be1 gxh4 51. Re6 Rxa3 52. Bxh4 Rb3 53. Bxf6 Kf5 54. Rxe5+ Kxf6 55. Re1 Kf5 56. Kh6 b5 57. Kg7 b4 58. Kf7 Kf4 59. Kf6 Re3 60. Rb1 b3 61. Rh1 Ke4 62. Rh8 Kd3 63. Rd8+ Kc2 64. Rc8+ Rc3 65. Rh8 b2 66. Rh2+ Kb3 67. Rh8 Rc4 68. Rh3+ Ka2 69. Rh2 Ka1 70. Ke5 0-1

[Event "30th NATO Chess-ch 2019"]
[Site "Berlin"]
[Date "2019.09.19"]
[Round "6.19"]
[White "Hof - Van Run, Rieke"]
[Black "Simard, Francois"]
[Result "1-0"]
[ECO "B23"]
[WhiteElo "2076"]
[BlackElo "1755"]
[Annotator "NA"]
[PlyCount "49"]
[EventDate "2019.09.16"]
[EventType "swiss"]
[EventCountry "GER"]
[SourceTitle "playchess.com"]
[Source "ChessBase"]
[SourceQuality "1"]
[TimeControl "40/7200:1800"]

1. e4 c5 2. Nc3 a6 3. f4 e6 4. Nf3 d5 5. d4 dxe4 6. Nxe4 cxd4 7. Qxd4 Bd7 8. Ne5 Be7 9. Nxd7 Nxd7 10. Qxg7 Bf6 11. Nxf6+ Qxf6 12. Qxf6 Ngxf6 13. g3 O-O-O 14. Be3 Ne4 15. Bd4 Rhg8 16. Bg2 Nd6 17. O-O-O Nf5 18. Bf2 Nf6 19. Bf3 Rxd1+ 20. Rxd1 Kc7 21. Rd3 Nd6 22. Bc5 Nfe4 23. Bb4 Rd8 24. Bxe4 Nxe4 25. Ba5+ 1-0

[Event "30th NATO Chess-ch 2019"]
[Site "Berlin"]
[Date "2019.09.19"]
[Round "6.20"]
[White "Wagenaar, Harm Theo"]
[Black "Oltean, Gusztav"]
[Result "0-1"]
[ECO "B13"]
[WhiteElo "1879"]
[BlackElo "2053"]
[Annotator "NA"]
[PlyCount "58"]
[EventDate "2019.09.16"]
[EventType "swiss"]
[EventCountry "GER"]
[SourceTitle "playchess.com"]
[Source "ChessBase"]
[SourceQuality "1"]
[TimeControl "40/7200:1800"]

1. d4 Nf6 2. Nf3 c5 3. e3 cxd4 4. exd4 d5 5. Bd3 Bg4 6. c3 Nc6 7. h3 Bh5 8. O-O e6 9. Nbd2 Bd6 10. Re1 Qc7 11. Qc2 O-O 12. b3 Rac8 13. a3 Bf4 14. Bb2 Bxd2 15. Qxd2 Bxf3 16. gxf3 Ne7 17. Qg5 Ng6 18. Bf1 h6 19. Qg3 Nf4 20. Bc1 N6h5 21. Bxf4 Nxf4 22. b4 g5 23. h4 Qe7 24. hxg5 hxg5 25. Re3 Kg7 26. Bg2 Rxc3 27. Kf1 Rfc8 28. Rxc3 Rxc3 29. Ke1 f6 0-1

[Event "30th NATO Chess-ch 2019"]
[Site "Berlin"]
[Date "2019.09.19"]
[Round "6.21"]
[White "Filion, Charles"]
[Black "Oblak, Nicholas"]
[Result "0-1"]
[ECO "D00"]
[WhiteElo "2199"]
[BlackElo "2048"]
[Annotator "NA"]
[PlyCount "48"]
[EventDate "2019.09.16"]
[EventType "swiss"]
[EventCountry "GER"]
[SourceTitle "playchess.com"]
[Source "ChessBase"]
[SourceQuality "1"]
[TimeControl "40/7200:1800"]

1. d4 d5 2. Nc3 Nf6 3. Bf4 a6 4. e3 Bf5 5. f3 e6 6. g4 Bg6 7. h4 h6 8. Bd3 Bxd3 9. Qxd3 Bd6 10. Nge2 Nc6 11. O-O-O Qe7 12. Kb1 O-O-O 13. Bxd6 Qxd6 14. Na4 Nd7 15. a3 b5 16. Nac3 Nb6 17. e4 Kb7 18. e5 Qe7 19. Na2 Nc4 20. b4 Ra8 21. Qb3 a5 22. bxa5 Rxa5 23. a4 Ka7 24. Kc1 Rb8 0-1

[Event "30th NATO Chess-ch 2019"]
[Site "Berlin"]
[Date "2019.09.19"]
[Round "6.22"]
[White "Sauer, Marko"]
[Black "Crapulli, Giuseppe"]
[Result "1-0"]
[ECO "B80"]
[WhiteElo "2081"]
[BlackElo "1836"]
[Annotator "NA"]
[PlyCount "49"]
[EventDate "2019.09.16"]
[EventType "swiss"]
[EventCountry "GER"]
[SourceTitle "playchess.com"]
[Source "ChessBase"]
[SourceQuality "1"]
[TimeControl "40/7200:1800"]

1. e4 c5 2. Nf3 d6 3. d4 cxd4 4. Nxd4 Nf6 5. Nc3 a6 6. a4 e6 7. Be3 b6 8. g3 Bb7 9. Bg2 Nbd7 10. Qe2 Qc7 11. f4 e5 12. Nb3 Be7 13. f5 h5 14. h3 O-O-O 15. O-O-O Nc5 16. Nxc5 dxc5 17. Qc4 Rxd1+ 18. Rxd1 Rf8 19. Bf3 g6 20. Bh6 Rg8 21. g4 hxg4 22. Bxg4 Kb8 23. Rd7 Nxd7 {[%emt 0:41:49] Qxg8+ 0:40:13} 24. Bf8 Z0 {Qd8} 25. Nb1 1-0

[Event "30th NATO Chess-ch 2019"]
[Site "Berlin"]
[Date "2019.09.19"]
[Round "6.23"]
[White "Pirs, Matjaz"]
[Black "Nikomanis, Andreas"]
[Result "1/2-1/2"]
[ECO "D00"]
[WhiteElo "2203"]
[BlackElo "2053"]
[Annotator "NA"]
[PlyCount "120"]
[EventDate "2019.09.16"]
[EventType "swiss"]
[EventCountry "GER"]
[SourceTitle "playchess.com"]
[Source "ChessBase"]
[SourceQuality "1"]
[TimeControl "40/7200:1800"]

1. d4 Nf6 2. Nc3 d5 3. Bf4 e6 4. e3 a6 5. Nf3 Be7 6. Ne5 O-O 7. Bd3 c5 8. O-O Nc6 9. dxc5 Bxc5 10. Qf3 Bd7 11. Ne2 Nb4 12. a3 Nxd3 13. cxd3 Rc8 14. Nxd7 Qxd7 15. b4 Be7 16. Be5 Qb5 17. Rfd1 Nd7 18. Bb2 Nb6 19. Qg4 g6 20. Qd4 f6 21. Nc3 Qc6 22. Rac1 e5 23. Qg4 Qd6 24. Nb1 Qd7 25. Qxd7 Nxd7 26. Rxc8 Rxc8 27. Rc1 Rxc1+ 28. Bxc1 b5 29. Kf1 Kf7 30. Ke2 f5 31. f3 Bg5 32. g3 Ke6 33. Nd2 Bd8 34. Nb3 Bb6 35. Bb2 Kd6 36. Bc3 h5 37. Bd2 e4 38. Bc3 Bd8 39. Bd4 Kc6 40. Nd2 exd3+ 41. Kxd3 a5 42. e4 fxe4+ 43. fxe4 axb4 44. axb4 Be7 45. Bc3 Kd6 46. Nf3 dxe4+ 47. Kxe4 Bf6 48. Bxf6 Nxf6+ 49. Kf4 Nd5+ 50. Kg5 Nxb4 51. Nd4 Kc5 52. Nxb5 Kxb5 53. Kxg6 Kc5 54. Kxh5 Kd6 55. Kg6 Ke6 56. g4 Nd3 57. Kh6 Ne5 58. h3 Kf7 59. g5 Ng6 60. Kh5 Nf4+ 1/2-1/2

[Event "30th NATO Chess-ch 2019"]
[Site "Berlin"]
[Date "2019.09.19"]
[Round "6.24"]
[White "Marquardt, Christian"]
[Black "Ermalis, Rytis"]
[Result "1-0"]
[ECO "A26"]
[WhiteElo "2049"]
[BlackElo "1960"]
[Annotator "NA"]
[PlyCount "41"]
[EventDate "2019.09.16"]
[EventType "swiss"]
[EventCountry "GER"]
[SourceTitle "playchess.com"]
[Source "ChessBase"]
[SourceQuality "1"]
[TimeControl "40/7200:1800"]

1. c4 Nf6 2. g3 g6 3. Bg2 Bg7 4. Nc3 d6 5. d3 O-O 6. e4 e5 7. Nge2 Nc6 8. O-O Be6 9. Nd5 Nd7 10. Be3 f5 11. exf5 Bxf5 12. d4 exd4 13. Nxd4 Nxd4 14. Bxd4 Ne5 15. Ne3 Nc6 16. Bxg7 Kxg7 17. Qd2 Qd7 18. Qc3+ Kh6 19. Rad1 Rae8 20. c5 Qg7 21. Qc1 1-0

[Event "30th NATO Chess-ch 2019"]
[Site "Berlin"]
[Date "2019.09.19"]
[Round "6.25"]
[White "Drenthen, Arjan"]
[Black "Nielsen, Jan Mose"]
[Result "1/2-1/2"]
[ECO "E90"]
[WhiteElo "1917"]
[BlackElo "2044"]
[Annotator "NA"]
[PlyCount "22"]
[EventDate "2019.09.16"]
[EventType "swiss"]
[EventCountry "GER"]
[SourceTitle "playchess.com"]
[Source "ChessBase"]
[SourceQuality "1"]
[TimeControl "40/7200:1800"]

1. d4 Nf6 2. c4 g6 3. Nc3 Bg7 4. e4 d6 5. Nf3 O-O 6. h3 c6 7. Be3 a6 8. a4 Qa5 9. Bd3 Nbd7 10. O-O e5 11. d5 cxd5 1/2-1/2

[Event "30th NATO Chess-ch 2019"]
[Site "Berlin"]
[Date "2019.09.19"]
[Round "6.26"]
[White "Schott, Guido"]
[Black "Tammisto, Janek"]
[Result "0-1"]
[ECO "A36"]
[WhiteElo "2043"]
[BlackElo "1912"]
[Annotator "NA"]
[PlyCount "61"]
[EventDate "2019.09.16"]
[EventType "swiss"]
[EventCountry "GER"]
[SourceTitle "playchess.com"]
[Source "ChessBase"]
[SourceQuality "1"]
[TimeControl "40/7200:1800"]

1. c4 g6 2. Nc3 Bg7 3. g3 c5 4. Bg2 e6 5. Nf3 Nc6 6. O-O Nge7 7. e4 O-O 8. d3 d5 9. Qe2 d4 10. Nd1 Qc7 11. Nh4 e5 12. f4 f6 13. Nf2 Bd7 14. Bh3 Bxh3 15. Nxh3 Rf7 16. Qg4 h5 17. Qe2 Qd7 18. f5 g5 19. Bxg5 fxg5 20. Nxg5 Rf6 21. Qxh5 Rh6 22. Qf7+ Kh8 23. f6 Rg8 24. fxg7+ Rxg7 25. Qf8+ Ng8 26. Rf7 Rxf7 27. Nxf7+ Kh7 28. Nxh6 Nxh6 29. Rf1 Nb4 30. Nf5 Ng4 31. Ne7 0-1

[Event "30th NATO Chess-ch 2019"]
[Site "Berlin"]
[Date "2019.09.19"]
[Round "6.27"]
[White "Slaidins, Janis"]
[Black "Aagaard, Gert"]
[Result "0-1"]
[ECO "B31"]
[WhiteElo "1834"]
[BlackElo "2029"]
[Annotator "NA"]
[PlyCount "82"]
[EventDate "2019.09.16"]
[EventType "swiss"]
[EventCountry "GER"]
[SourceTitle "playchess.com"]
[Source "ChessBase"]
[SourceQuality "1"]
[TimeControl "40/7200:1800"]

1. e4 c5 2. Nf3 Nc6 3. Bb5 g6 4. Bxc6 bxc6 5. d4 Ba6 6. c3 Qb6 7. dxc5 Qxc5 8. Qd4 Qxd4 9. Nxd4 Bg7 10. Nd2 Nf6 11. f3 c5 12. N4b3 d6 13. Kf2 Nd7 14. f4 O-O 15. Re1 e5 16. Nf3 c4 17. Nbd2 Nc5 18. Rd1 exf4 19. Ne1 g5 20. Kf3 Rfe8 21. g3 fxg3 22. hxg3 h6 23. Ng2 Nxe4 24. Nxe4 Bb7 25. Ne3 Bxe4+ 26. Kf2 Bd3 27. Re1 Rab8 28. Nd5 Rxe1 29. Kxe1 Rb5 30. Ne7+ Kf8 31. Nc8 Rc5 32. Nxa7 Rf5 33. Nc6 Rf1+ 34. Kd2 h5 35. a4 h4 36. a5 h3 37. a6 h2 38. a7 Rf2+ 39. Ke3 Re2+ 40. Kf3 h1=Q+ 41. Kg4 f5+ 0-1

[Event "30th NATO Chess-ch 2019"]
[Site "Berlin"]
[Date "2019.09.19"]
[Round "6.28"]
[White "Voroblievas, Arturas"]
[Black "Michalski, Daniel"]
[Result "0-1"]
[ECO "C41"]
[WhiteElo "1762"]
[BlackElo "2024"]
[Annotator "NA"]
[PlyCount "58"]
[EventDate "2019.09.16"]
[EventType "swiss"]
[EventCountry "GER"]
[SourceTitle "playchess.com"]
[Source "ChessBase"]
[SourceQuality "1"]
[TimeControl "40/7200:1800"]

1. e4 d6 2. d4 Nf6 3. Nc3 e5 4. Nf3 Nbd7 5. Bc4 Be7 6. Bxf7+ Kxf7 7. Ng5+ Kg8 8. Ne6 Qe8 9. Nxc7 Qg6 10. O-O Rb8 11. f4 h6 12. dxe5 dxe5 13. f5 Bc5+ 14. Kh1 Qf7 15. Ne6 b6 16. Rf3 Bb7 17. Rg3 Bf8 18. Qe2 Nc5 19. Nxf8 Rxf8 20. Re3 Nfxe4 21. Nxe4 Nxe4 22. Rxe4 Qxf5 23. Qc4+ Kh7 24. Re1 Bxg2+ 25. Kxg2 Qf2+ 26. Kh3 Rf3+ 27. Kg4 Qg2+ 28. Kh5 Rh3+ 29. Qh4 g6# 0-1

[Event "30th NATO Chess-ch 2019"]
[Site "Berlin"]
[Date "2019.09.19"]
[Round "6.29"]
[White "Stankowski, Aleksander"]
[Black "Allmann, Lauri"]
[Result "1-0"]
[ECO "A07"]
[WhiteElo "2022"]
[BlackElo "1827"]
[Annotator "NA"]
[PlyCount "91"]
[EventDate "2019.09.16"]
[EventType "swiss"]
[EventCountry "GER"]
[SourceTitle "playchess.com"]
[Source "ChessBase"]
[SourceQuality "1"]
[TimeControl "40/7200:1800"]

1. Nf3 d5 2. g3 g6 3. Bg2 Bg7 4. O-O Nf6 5. d3 O-O 6. Nc3 Nbd7 7. e4 dxe4 8. dxe4 Nc5 9. e5 Ng4 10. Qe2 c6 11. h3 Nh6 12. Be3 Ne6 13. g4 Qc7 14. Qd2 g5 15. Nxg5 Qxe5 16. Nf3 Qf6 17. g5 Nxg5 18. Bxg5 Qg6 19. Nh4 Qd6 20. Qxd6 exd6 21. Be7 Re8 22. Bxd6 Bf6 23. Bg3 Kh8 24. Ne4 Bxb2 25. Rab1 Be5 26. Bxe5+ Rxe5 27. Ng3 Rc5 28. Rfd1 Be6 29. Rxb7 Rxc2 30. Rdb1 Kg7 31. Rb8 Rxb8 32. Rxb8 Rc5 33. Bf3 Rc1+ 34. Kg2 Kf6 35. Be4 a5 36. Ra8 Rc5 37. Ra6 Bxa2 38. Bxc6 Ke5 39. Nf3+ Kf4 40. Be4 Be6 41. Bd3 Bxh3+ 42. Kxh3 Ng4 43. Kg2 Ne5 44. Rf6+ Kg4 45. Bf5+ Kf4 46. Bc8# {[%emt 0:16:27] --- Bce6} 1-0